 Dungeon Crawl Stone Soup version 0.22.1-1-ga44c0e56f4 (webtiles) character file.

108 Mjsee792 the Skirmisher (level 4, -8/41 HPs)
             Began as a Minotaur Fighter on Oct 14, 2018.
             Mangled by an orc warrior
             ... wielding a +0 war axe
              (10 damage)
             ... on level 3 of the Dungeon.
             The game lasted 00:02:17 (1555 turns).

Mjsee792 the Skirmisher (Minotaur Fighter)          Turns: 1555, Time: 00:02:17

Health: -8/41      AC:  7    Str: 21    XL:     4   Next: 58%
Magic:  3/3        EV:  7    Int:  5    God:
Gold:   105        SH:  9    Dex: 10    Spells: 3/3 levels left

rFire    . . .     SeeInvis .   a - +0 war axe
rCold    . . .     Gourm    .   c - +0 shield
rNeg     . . .     Faith    .   b - +0 scale mail
rPois    .         Spirit   .   (helmet restricted)
rElec    .         Reflect  .   (no cloak)
rCorr    .         Harm     .   (no gloves)
MR       +....                  (no boots)
Stlth    +.........             (no amulet)
HPRegen  0.13/turn              j - ring of protection from magic
MPRegen  0.08/turn              m - ring of stealth

@: no status effects
A: retaliatory headbutt, horns 2
a: no special abilities


You were on level 3 of the Dungeon.
You were very hungry.

You visited 1 branch of the dungeon, and saw 3 of its levels.

You collected 105 gold pieces.

Inventory:

Hand Weapons
 a - a +0 war axe (weapon)
Armour
 b - a +0 scale mail (worn)
 c - a +0 shield (worn)
Jewellery
 j - a ring of protection from magic (left hand)
 m - a ring of stealth (right hand)
Scrolls
 g - 5 scrolls of identify {unknown}
 i - a scroll of fog {unknown}
 k - 2 scrolls of teleportation {unknown}
 l - 2 scrolls of remove curse {unknown}
 n - 2 scrolls of amnesia {unknown}
 q - a scroll of noise {unknown}
 r - a scroll of random uselessness {unknown}
Potions
 d - a potion of might
 e - a potion of curing {unknown}
 h - a potion of degeneration {unknown}
 o - a potion of flight {unknown}
 p - 2 potions of heal wounds {unknown}
 s - 2 potions of haste {unknown}
Comestibles
 f - 7 rations


   Skills:
 + Level 4.9 Fighting
 - Level 2.4 Axes
 + Level 4.6 Armour
 + Level 4.7 Shields


You had 3 spell levels left.
You didn't know any spells.
Your spell library was empty.

Dungeon Overview and Level Annotations

Branches:
Dungeon (3/15)

Altars:


Innate Abilities, Weirdness & Mutations

You reflexively headbutt those who attack you in melee.
You have a pair of horns on your head.


Message History

You are too injured to fight recklessly!
You hear a shout!
The orc warrior hits you with a war axe.
* * * LOW HITPOINT WARNING * * *
Unknown command.
You see here a rat corpse.
Unknown command.
An orc comes into view. It is wielding a flail of crushing.
The orc shouts!
The quokka twitches its whiskers.
Items here: )))) [ a hand axe; a ring mail; a short sword; a flail; a club You slash the ooze!
You headbutt the ooze.
You kill the ooze!
The orc warrior hits you with a war axe!
* * * LOW HITPOINT WARNING * * *
You slash the orc warrior! You headbutt the orc warrior!
The orc warrior is severely wounded.
The orc warrior hits you with a war axe!
You die...

#..........
##..###### #o.##
###########..#
....##....o..#
....##.....ro##
....##........#
....##......#o#####
....##......#.oo@.#
....##......##r##.#
######......##..#.#
# #......##....# #
#......##....# #
#########..>.# #
#....# # ####.#
#### ####.#


You could see an orc warrior, an orc wizard, an orc and a quokka.

Vanquished Creatures
  2 adders
  An ooze (D:3)
  4 worms (D:2)
  3 orcs (D:3)
  4 bats
  5 giant cockroaches
  3 hobgoblins
  9 jackals
  8 kobolds
  4 ball pythons
  9 frilled lizards
  10 goblins
  8 rats
70 creatures vanquished.

Notes
Turn   | Place    | Note
-------+----------+-------------------------------------------
     0 | D:1      | Mjsee792 the Minotaur Fighter began the quest for the Orb.
     0 | D:1      | Reached XP level 1. HP: 19/19 MP: 0/0
   276 | D:1      | Reached XP level 2. HP: 27/27 MP: 1/1
   440 | D:1      | Reached XP level 3. HP: 26/33 MP: 2/2
   881 | D:2      | Found a faded altar of an unknown god.
  1022 | D:2      | Reached XP level 4. HP: 39/41 MP: 3/3
  1531 | D:3      | Noticed an orc warrior
  1554 | D:3      | HP: 2/41 [orc warrior/war axe (10)]
  1555 | D:3      | Mangled by an orc warrior

Skill      XL: |  1  2 |
---------------+-------+-----
Fighting       | 4 |  4.9
Shields        | 4 |  4.7
Armour         | 4 |  4.6
Axes           | |  2.4

Action                   |  1- 3 |  4- 6 || total
-------------------------+-------+-------++-------
Melee: War axe           |    88 |    45 ||   133
       Headbutt          |    12 |    12 ||    24
  Eat: Chunk             |       |     1 ||     1
Armor: Scale mail        |    46 |    16 ||    62
Dodge: Dodged            |    20 |    13 ||    33
Block: Shield            |    48 |    22 ||    70
